 Dungeon Crawl Stone Soup version 0.32-a0-17-gb74e046682 (webtiles) character file.

Game seed: 10147191906582466568

738 cforsyth the Trooper (level 7, -5/79 HPs)
             Began as an Oni Shapeshifter on Jan 15, 2024.
             Slain by a gnoll sergeant
             ... wielding a +0 trident
              (6 damage)
             ... on level 5 of the Dungeon.
             The game lasted 00:06:08 (4085 turns).

cforsyth the Trooper (Oni Shapeshifter)             Turns: 4085, Time: 00:06:08

Health: -5/79      AC:  3    Str: 26 (27) XL:     7   Next: 75%
Magic:  7/7        EV:  5    Int: 10 (11) God:
Gold:   308        SH:  0    Dex:  6 (8)  Spells: 6/6 levels left

rFire   . .          .
                       - Unarmed
rCold   . . .        (no shield)
rNeg    . . .        a - +0 animal skin
rPois   .            (helmet currently unavailable)
rElec   .            (cloak currently unavailable)
rCorr   .            (gloves unavailable)
SInv    .            (boots unavailable)
Will    .....        (no amulet)
Stlth   +            s - +6 ring of strength
HPRegen 0.33/turn    (no ring)
MPRegen 0.10/turn

%: no passive effects
@: on fire, beast-form, held, glowing
A: beast (slay +3), large, unfitting armour, horns 1, tough skin 1, double
potion healing, drunken brawling
a: Begin Untransformation


You were on level 5 of the Dungeon.
You were a hulking beast.
You visited 1 branch of the dungeon, and saw 5 of its levels.

You collected 308 gold pieces.

Inventory:

Missiles
 g - a throwing net (quivered)
Armour
 a - a +0 animal skin (worn)
 j - a +0 pair of boots
Jewellery
 s - a +6 ring of strength (left hand)
 t - an amulet of regeneration
Talismans
 c - a beast talisman (active)
 d - a flux talisman
Scrolls
 e - 2 scrolls of immolation {unknown}
 h - 2 scrolls of noise
 i - a scroll of poison
 k - 2 scrolls of amnesia
 o - 2 scrolls of vulnerability
 q - a scroll of revelation {unknown}
Potions
 b - a potion of lignification
 f - 2 potions of haste {unknown}
 l - 2 potions of magic
 m - a potion of ambrosia {unknown}
 n - a potion of attraction {unknown}
 p - a potion of cancellation {unknown}
 r - a potion of degeneration
 u - 2 potions of invisibility {unknown}


   Skills:
 + Level 7.7 Fighting
 - Level 1.7 Dodging
 - Level 2.6 Unarmed Combat
 + Level 6.1 Shapeshifting


You had 6 spell levels left.
You didn't know any spells.
Your spell library contained the following spells:

 Spells                   Type           Power      Damage    Failure   Level
 Cigotuvi's Dreadful Rot  Necr/Alch/Air  0%         N/A       50%         2
 Dispel Undead            Necr           0%         3d6       98%         4
 Martyr's Knell           Necr/Summ      0%         N/A       98%         4
 Death Channel            Necr           0%         N/A       100%        6


Dungeon Overview and Level Annotations

Branches:
Dungeon (5/15)
 Temple: D:4-7

Altars:

Annotations:
D:4 2 transporters, miscthings's ghost, amateur OnSh


Innate Abilities, Weirdness & Mutations

You are a hulking beast.
Your limbs bulge with bestial killing power. (Slay +3)
You are too large for most types of armour.
You have a pair of small horns on your head.
You have tough skin. (AC +1)
You gain doubled healing and magic from potions.
Whenever you drink a healing potion, you attack all around you.


Message History

The bombardier beetle is severely wounded.
The liquid fire burns you!
The bombardier beetle sprays incendiary fluid at you.
The burning spray misses you. The gnoll hits you but does no damage.
The gnoll sergeant hits you from afar with a +0 trident.
You completely miss the bombardier beetle.
The bombardier beetle is severely wounded.
The liquid fire burns you!
You punch the bombardier beetle!
You kill the bombardier beetle!
The liquid fire burns you! The gnoll barely misses you.
The gnoll sergeant hits you from afar with a +0 trident.
You shake off some of the fire as you move.
The liquid fire burns you!
The gnoll sergeant attacks as it pursues you!
The gnoll sergeant hits you from afar with a +0 trident.
The gnoll throws a throwing net.
The throwing net hits you.
You become entangled in the net!
You see here a throwing net.
You tear a large gash into the net.
The liquid fire burns you!
* * * LOW HITPOINT WARNING * * *
The gnoll sergeant hits you from afar with a +0 trident.
* * * LOW HITPOINT WARNING * * *
You struggle against the net.
The liquid fire burns you!
* * * LOW HITPOINT WARNING * * *
The gnoll sergeant barely misses you.
It was a potion of magic.
Magic courses through your body. The liquid fire burns you!
* * * LOW HITPOINT WARNING * * *
The gnoll sergeant hits you from afar with a +0 trident!
* * * LOW HITPOINT WARNING * * *
It was a potion of degeneration.
There was something very wrong with that liquid.
You feel weakened.
You feel dopey.
You feel clumsy. The liquid fire burns you!
* * * LOW HITPOINT WARNING * * *
The gnoll sergeant hits you from afar with a +0 trident.
You die...

#.# #.# #.##)#######
######.##........
#.........#######
#.####.##.##
.####.####.#...#######
.........##.#.........#
....##.#h##.#...#####.#
.....g†gg))....##
....##g#.##.##.# .
#<#.##.##.# #.#.##.##.#
#.#.##.##.# #.#.##.##.#
..#.##.##.# ###.##.#...


You could see a gnoll sergeant and 3 gnolls.

Vanquished Creatures
  An ice beast (D:5)
  An orc warrior (D:3)
  A bombardier beetle (D:5)
  A jelly (D:5)
  2 orc priests (D:5)
  A hound (D:4)
  An iguana (D:5)
  3 orc wizards
  9 adders
  7 gnolls
  A shadow imp (D:5)
  5 dart slugs
  5 ribbon worms
  13 orcs
  7 ball pythons
  12 endoplasms
  6 giant cockroaches
  2 goblins
  9 hobgoblins
  2 jackals (D:1)
  8 kobolds
  4 quokkas
  5 bats
  3 frilled lizards
  6 rats
115 creatures vanquished.

Notes
Turn   | Place    | Note
-------+----------+-------------------------------------------
     0 | D:1      | cforsyth the Oni Shapeshifter began the quest for the Orb.
     0 | D:1      | Reached XP level 1. HP: 19/19 MP: 1/1
    69 | D:1      | Found a faded altar of an unknown god.
    88 | D:1      | Reached skill level 2 in Fighting
   103 | D:1      | Reached XP level 2. HP: 22/28 MP: 2/2
   555 | D:1      | Reached XP level 3. HP: 36/36 MP: 3/3
   888 | D:1      | Reached skill level 3 in Fighting
  1075 | D:2      | Reached XP level 4. HP: 45/45 MP: 4/4
  1225 | D:2      | Reached skill level 4 in Fighting
  1393 | D:2      | Identified the +0 leather armour of Okielar {Rampage Will+}
  1742 | D:3      | Reached XP level 5. HP: 41/55 MP: 5/5
  2542 | D:4      | Noticed an orc warrior
  2559 | D:3      | Reached skill level 5 in Fighting
  2826 | D:3      | Killed an orc warrior
  2827 | D:3      | Reached skill level 5 in Shapeshifting
  2827 | D:3      | Reached XP level 6. HP: 33/67 MP: 6/6
  2993 | D:4      | Reached skill level 6 in Fighting
  3038 | D:4      | Found a transporter.
  3129 | D:4      | Found a transporter.
  3133 | D:4      | Noticed miscthings's ghost (amateur OnSh)
  3684 | D:5      | Entered Level 5 of the Dungeon
  3696 | D:5      | Reached XP level 7. HP: 74/76 MP: 7/7
  3881 | D:5      | Reached skill level 7 in Fighting
  4084 | D:5      | HP: 3/79 [gnoll sergeant/+0 trident (7)]
  4085 | D:5      | HP: 1/79 [burnt (2)]
  4085 | D:5      | Slain by a gnoll sergeant

Illustrated notes

Levels and vault maps discovered:
D:1:      nicolae_arrival_memento_mori, layout_basic,
          hellmonk_ecumenical_altar_lost_god, chequers_serial_rivers_small_b
D:2:      layout_rooms, minivault_5, minmay_circle_x
D:3:      layout_loops_ring, nicolae_kite_square_tiling_tiny
D:4:      layout_rooms, gammafunk_ghost_arena, chequers_avenue,
          chequers_serial_rivers_micro_d
D:5:      layout_loops_ring, minmay_temple_entry_poolview

Skill      XL: |  1  2  3  4  5  6  7 |
---------------+----------------------+-----
Fighting       | 2 3 4 5 6 7 |  7.7
Shapeshifting  | 4 5 6 |  6.1
Dodging        | |  1.7
Unarmed Combat | |  2.6

Action                     |  1- 3 |  4- 6 |  7- 9 || total
---------------------------+-------+-------+-------++-------
  Melee: Unarmed           |    93 |   196 |    58 ||   347
         Headbutt          |    10 |    35 |    12 ||    57
         Punch             |     2 |     6 |     2 ||    10
    Use: Scroll            |       |     5 |       ||     5
         Potion            |       |     1 |     2 ||     3
 Armour: Animal skin       |    91 |   125 |    31 ||   247
         Skin              |       |     8 |       ||     8
  Dodge: Dodged            |    57 |    77 |    18 ||   152
   Form: Beast             |     1 |       |       ||     1
         Flux              |     1 |       |       ||     1

Table legend: (Time is in decaauts)
 A = Elapsed time spent in this place.
 B = Non-inter-level travel time spent in this place.
 C = Inter-level travel time spent in this place.
 D = Time resting spent in this place.
 E = Time spent auto-exploring this place.
 F = Levels seen in this place.
 G = Mean time per level.
                   A        B        C        D        E       F      G
               +--------+--------+--------+--------+--------+-----+--------+
         Total |   4072 |   3928 |    144 |    430 |   2675 |   5 |  814.4 |
       Dungeon |   4072 |   3928 |    144 |    430 |   2675 |   5 |  814.4 |
               +--------+--------+--------+--------+--------+-----+--------+

Top non-repeatable levels by time:
     D:3: 1152 daAuts
     D:1: 909 daAuts
     D:2: 818 daAuts
     D:4: 795 daAuts
     D:5: 397 daAuts
